Map: Ghost River LE

Players

LiquidElazer (Elazer) - Winner!

  • Race: Zerg Zerg
  • Spawn Location: 11:00

PtitDrogo

  • Race: Protoss Protoss
  • Spawn Location: 1:00

Event: HomeStory Cup XXV

VOD

Have the link to the VOD?

Description

Time

  • Played on: June 22, 2024, 11:05 a.m.
  • Length: 12:48

All games in this series

Show
View Real Time Build Order
Export as new Build Order

LiquidElazer Zerg - Winner!

Build Orders: Hatch First, Lurkers 

Get SALT Encoding   

  12  0:00  Drone  
  13  0:12  Overlord  
  13  0:17  Drone  
  14  0:30  Drone x2  
  16  0:48  Hatchery  
  15  0:52  Drone  
  15  0:55  Drone  
  17  0:58  Drone  
  18  1:09  Extractor  
  17  1:13  Spawning Pool  
  17  1:16  Drone  
  17  1:21  Drone  
  18  1:28  Drone  
  19  1:39  Drone  
  20  1:50  Overlord  
  20  2:00  Drone, Queen x2  
  26  2:01  Zergling x2  
  26  2:11  Zergling x2  
  26  2:13  Metabolic Boost  
  26  2:14  Drone  
  29  2:22  Zergling x2  
  29  2:23  Drone  
  30  2:32  Drone  
  30  2:33  Drone  
  30  2:36  Queen  
  34  2:47  Hatchery  
  33  2:53  Overlord  
  32  2:59  Spore Crawler  
  32  3:01  Drone x2  
  34  3:08  Drone  
  34  3:11  Queen  
  34  3:12  Drone  
  38  3:16  Queen  
  38  3:18  Overlord  
  40  3:21  Drone  
  40  3:23  Drone  
  40  3:25  Drone  
  43  3:33  Overlord  
  43  3:40  Drone x6  
  49  3:44  Drone  
  49  3:48  Drone  
  51  3:51  Queen  
  51  3:55  Spore Crawler  
  52  3:56  Spore Crawler, Drone  
  52  3:59  Drone  
  52  4:00  Drone  
  54  4:06  Zergling x6  
  57  4:10  Drone x3  
  60  4:18  Drone  
  60  4:22  Drone x5  
  60  4:24  Evolution Chamber  
  63  4:25  Drone x2  
  63  4:28  Overlord  
  65  4:40  Overlord  
  65  4:47  Hatchery, Drone x7  
  65  4:50  Zerg Melee Weapons Level 1  
  71  4:54  Overlord  
  71  4:55  Drone x2  
  73  5:02  Overlord  
  73  5:03  Drone x5  
  73  5:06  Spore Crawler  
  75  5:07  Drone x2  
  75  5:08  Drone  
  75  5:11  Lair  
  78  5:14  Extractor  
  78  5:15  Drone x2, Extractor  
  78  5:16  Drone  
  78  5:20  Overlord  
  79  5:25  Overlord x2  
  79  5:27  Drone  
  80  5:29  Overlord  
  80  5:30  Extractor  
  80  5:35  Drone  
  78  5:37  Overlord  
  78  5:40  Zergling x6  
  81  5:44  Zergling x16  
  81  5:49  Overlord  
  89  5:55  Drone x2  
  91  5:58  Drone  
  91  6:01  Drone x4  
  96  6:07  Overlord  
  96  6:09  Overseer  
  96  6:10  Pneumatized Carapace  
  96  6:11  Overlord  
  95  6:12  Drone  
  95  6:16  Hydralisk Den  
  94  6:19  Zergling x16  
  94  6:24  Zergling x6  
  100  6:29  Zergling x4  
  100  6:32  Overlord  
  99  6:35  Drone x5  
  104  6:41  Overlord  
  104  6:47  Hatchery  
  104  6:48  Grooved Spines, Zerg Missile Weapons Level 1  
  104  6:52  Hydralisk  
  104  6:53  Hydralisk x4  
  113  7:00  Overlord  
  113  7:01  Hydralisk x5  
  113  7:05  Zergling x16  
  131  7:09  Overlord  
  131  7:12  Hydralisk x2  
  135  7:18  Overlord x2  
  135  7:22  Overlord  
  135  7:24  Drone x2  
  135  7:26  Extractor  
  135  7:27  Infestation Pit  
  135  7:28  Extractor  
  134  7:30  Drone x4  
  134  7:35  Drone x4  
  138  7:42  Drone x8  
  136  7:49  Drone x2  
  133  7:54  Overlord  
  133  7:56  Muscular Augments  
  133  7:58  Hydralisk x4  
  123  8:00  Hydralisk x3  
  123  8:01  Zergling x6  
  123  8:05  Overlord  
  130  8:11  Extractor  
  130  8:12  Extractor  
  128  8:14  Spine Crawler  
  128  8:17  Lurker Den  
  128  8:19  Zergling x12  
  132  8:25  Hatchery, Overlord  
  129  8:31  Spine Crawler, Hive  
  129  8:32  Spine Crawler  
  126  8:35  Spine Crawler  
  126  8:36  Hydralisk x4  
  126  8:38  Zergling x28  
  147  8:42  Spine Crawler  
  147  8:43  Overlord  
  147  8:44  Spore Crawler  
  147  8:46  Zerg Missile Weapons Level 2  
  147  8:47  Zergling x6  
  148  8:51  Overlord  
  148  8:53  Spine Crawler  
  148  8:54  Spine Crawler  
  145  8:57  Hydralisk x6  
  145  8:59  Overseer  
  145  9:00  Zergling x4  
  157  9:12  Overlord  
  156  9:17  Zergling x28  
  165  9:27  Drone x4  
  165  9:29  Spine Crawler x4  
  165  9:30  Lurker x3  
  168  9:32  Lurker  
  168  9:33  Lurker x3  
  172  9:38  Drone x2  
  172  9:39  Drone x2  
  172  9:42  Spine Crawler  
  172  9:44  Spine Crawler  
  173  9:48  Seismic Spines  
  163  10:03  Lurker x2, Adrenal Glands  
  163  10:05  Zergling x30  
  177  10:21  Lurker x4  
  180  10:32  Zergling x24  
  180  10:33  Zergling x12  
  197  10:36  Zergling x4  
  195  10:45  Adaptive Talons  
  184  10:50  Lurker  
  184  10:54  Lurker  
  184  10:55  Nydus Network x2, Lurker x2  
  184  10:56  Lurker  
  183  10:58  Spore Crawler x2  
  183  10:59  Drone x2  
  183  11:00  Spore Crawler  
  181  11:13  Evolution Chamber  
  181  11:14  Hydralisk x5  
  181  11:16  Spine Crawler  
  183  11:18  Spore Crawler  
  183  11:20  Spine Crawler, Hatchery  
  180  11:32  Hydralisk x8  
  163  11:36  Zergling x14  
  178  11:45  Zergling x14  
  175  11:54  Zergling x4  
  157  11:58  Zergling x8  
  157  12:00  Zergling x2  
  151  12:05  Zergling x2  
  151  12:06  Zergling x2  
  151  12:08  Hydralisk  
  150  12:13  Hydralisk x2  
  151  12:22  Zergling x20  
  160  12:23  Zergling x6  
  160  12:28  Zergling x8  
  160  12:29  Nydus Canal x2  
  162  12:31  Overseer  
Show
View Real Time Build Order
Export as new Build Order

PtitDrogo Protoss 

Build Orders: 1 Gate Expand, Oracle Opening, Zealot Archon 

Get SALT Encoding   

  12  0:00  Probe  
  13  0:12  Probe  
  14  0:18  Pylon  
  14  0:24  Probe  
  15  0:36  Probe (Chrono Boost)  
  15  0:40  Gateway  
  16  0:46  Probe (Chrono Boost)  
  17  0:50  Assimilator  
  17  0:52  Probe  
  18  1:04  Probe  
  19  1:16  Probe  
  20  1:27  Nexus  
  20  1:37  Cybernetics Core  
  20  1:39  Probe  
  21  1:48  Assimilator  
  21  1:52  Probe  
  22  1:55  Pylon  
  22  2:04  Probe  
  23  2:11  Adept (Chrono Boost)  
  25  2:16  Probe  
  25  2:20  Stargate  
  26  2:28  Probe  
  26  2:29  Warp Gate  
  27  2:34  Adept  
  29  2:40  Probe (Chrono Boost)  
  31  2:46  Probe (Chrono Boost)  
  31  2:49  Probe (Chrono Boost)  
  32  2:53  Probe (Chrono Boost)  
  32  2:54  Probe (Chrono Boost)  
  34  3:02  Oracle (Chrono Boost)  
  34  3:04  Probe  
  38  3:06  Probe  
  38  3:11  Pylon  
  39  3:16  Probe  
  39  3:18  Probe  
  41  3:20  Gateway  
  41  3:28  Probe  
  41  3:29  Oracle (Chrono Boost)  
  41  3:30  Probe  
  46  3:40  Probe  
  47  3:42  Probe  
  48  3:52  Nexus  
  48  3:53  Pylon, Probe  
  48  3:54  Probe  
  50  4:00  Oracle  
  53  4:05  Probe (Chrono Boost)  
  54  4:10  Pylon  
  54  4:11  Assimilator, Probe (Chrono Boost)  
  54  4:14  Assimilator  
  56  4:17  Probe (Chrono Boost)  
  56  4:22  Probe (Chrono Boost)  
  56  4:24  Probe (Chrono Boost)  
  55  4:26  Twilight Council, Probe (Chrono Boost)  
  55  4:28  Forge  
  56  4:31  Probe  
  56  4:34  Robotics Facility  
  56  4:38  Probe  
  59  4:45  Probe (Chrono Boost)  
  59  4:46  Shield Battery  
  59  4:49  Adept  
  59  4:50  Probe (Chrono Boost)  
  62  4:53  Pylon  
  64  5:00  Probe x2 (Chrono Boost)  
  64  5:06  Probe (Chrono Boost)  
  65  5:07  Protoss Ground Weapons Level 1  
  65  5:08  Charge, Probe (Chrono Boost)  
  65  5:11  Probe (Chrono Boost)  
  67  5:16  Gateway  
  67  5:17  Gateway  
  67  5:19  Probe (Chrono Boost)  
  67  5:20  Stalker  
  67  5:21  Probe (Chrono Boost)  
  72  5:22  Observer (Chrono Boost), Probe (Chrono Boost)  
  72  5:24  Probe (Chrono Boost)  
  72  5:25  Pylon  
  72  5:28  Probe  
  75  5:31  Probe  
  75  5:35  Probe, Immortal (Chrono Boost)  
  73  5:40  Assimilator, Probe  
  73  5:41  Assimilator  
  79  5:44  Probe  
  79  5:46  Templar Archives  
  79  5:48  Probe  
  81  5:52  Pylon, Probe  
  81  5:56  Probe  
  83  6:00  Probe  
  83  6:01  Gateway  
  83  6:02  Gateway  
  84  6:04  Probe  
  84  6:05  Gateway  
  84  6:10  Zealot x4  
  89  6:21  Gateway x2  
  87  6:32  Psionic Storm  
  87  6:33  High Templar x4  
  87  6:38  Pylon  
  95  6:43  Gateway  
  95  6:45  Gateway, Pylon  
  95  6:50  Warp Prism  
  96  6:59  Zealot x3  
  102  7:03  Protoss Ground Weapons Level 2 (Chrono Boost)  
  102  7:05  Photon Cannon  
  102  7:06  Photon Cannon  
  102  7:07  Photon Cannon  
  101  7:09  Probe  
  101  7:10  Zealot  
  104  7:20  Pylon  
  104  7:21  Pylon  
  104  7:25  Nexus, Photon Cannon  
  104  7:26  Pylon  
  104  7:28  Pylon  
  102  7:37  High Templar x3  
  102  7:42  Archon  
  104  7:45  Archon  
  104  7:46  Zealot x3  
  104  7:47  Zealot x4  
  100  8:05  Shield Battery  
  100  8:07  Zealot x4  
  100  8:08  Photon Cannon  
  100  8:09  High Templar x4  
  116  8:13  Archon  
  116  8:15  Probe  
  117  8:24  High Templar x2  
  121  8:31  Observer (Chrono Boost)  
  114  8:36  Zealot x2, High Templar x2  
  114  8:38  Probe x2  
  114  8:39  Probe x2, Photon Cannon  
  126  8:41  Archon  
  126  8:42  Pylon  
  126  8:45  Zealot x3  
  126  8:46  Zealot, Immortal (Chrono Boost)  
  138  8:50  Probe  
  139  8:59  Probe x2  
  139  9:02  Assimilator  
  141  9:04  Pylon  
  141  9:14  Probe x2  
  141  9:16  Robotics Facility  
  139  9:21  Robotics Facility  
  139  9:23  Zealot  
  139  9:24  Zealot x8  
  139  9:26  Immortal (Chrono Boost)  
  151  9:32  Probe x2  
  151  9:35  Assimilator  
  151  9:38  Shield Battery, Photon Cannon  
  153  9:47  Zealot x8  
  169  10:00  Protoss Ground Weapons Level 3 (Chrono Boost)  
  169  10:03  Immortal  
  169  10:05  Pylon  
  171  10:07  Forge, Pylon  
  171  10:09  Pylon  
  171  10:13  Observer  
  172  10:23  Probe x2, Immortal (Chrono Boost)  
  178  10:33  Nexus  
  178  10:34  Pylon  
  174  10:43  Immortal (Chrono Boost)  
  162  10:51  High Templar x9  
  162  10:53  Immortal (Chrono Boost)  
  162  10:55  Archon x3  
  162  10:57  Immortal (Chrono Boost)  
  166  11:04  Photon Cannon  
  166  11:06  Photon Cannon  
  166  11:08  Photon Cannon  
  166  11:10  Shield Battery  
  166  11:15  Immortal  
  166  11:17  High Templar  
  172  11:28  Archon  
  162  11:34  Zealot x6  
  162  11:35  Immortal x2  
  144  11:54  Immortal  
  144  11:58  Zealot x5  
  144  12:00  High Templar x5  
  150  12:04  Archon  
  150  12:05  Archon  
  128  12:21  Zealot x2  
  128  12:24  Zealot x3  
  133  12:30  Assimilator  
  133  12:32  Assimilator  
  133  12:36  Zealot x2  
Tags
 
Add a new tag
Caveats
  • Supply blocks, unpowered buildings, or Contaminate may cause inaccurate times.
  • Supply counts are checked every 10 seconds.